| TOP OF THE 1ST |
|
Winnipeg Goldeyes batting - Pitching for Paris Cubs : LHP Jose Urena
|
|
Pitching: LHP Jose Urena
|
|
|
Batting: RHB John Dew
|
0-0: Ball 1-0: Fly out, F7 (Flyball, 7LM, EV 96.9 MPH)
|
|
Batting: RHB David McClellan
|
0-0: Swinging Strike 0-1: Called Strike 0-2: Strikes out swinging
|
|
Batting: RHB Steve Raine
|
0-0: Swinging Strike 0-1: Foul Ball, location: 2F 0-2: Strikes out swinging
|
| Top of the 1st over - 0 runs, 0 hits, 0 errors, 0 left on base; Winnipeg 0 - Paris 0 |
| BOTTOM OF THE 1ST |
|
Paris Cubs batting - Pitching for Winnipeg Goldeyes : RHP Tim Weller
|
|
Pitching: RHP Tim Weller
|
|
|
Batting: RHB Andy Huntley
|
0-0: Ball 1-0: Called Strike 1-1: Foul Ball, location: 2F 1-2: Foul Ball, location: 2F 1-2: Ball 2-2: Fly out, F7 (Flyball, 78S, EV 94.4 MPH)
|
|
Batting: RHB Leonardo Nava
|
0-0: Called Strike 0-1: Fly out, F8 (Flyball, 8LXD, EV 88.1 MPH)
|
|
Batting: RHB Ricardo Aguinaga
|
0-0: Ball 1-0: Ball 2-0: Ball 3-0: Called Strike 3-1: Fly out, F8 (Flyball, 8LS, EV 86.2 MPH)
|
| Bottom of the 1st over - 0 runs, 0 hits, 0 errors, 0 left on base; Winnipeg 0 - Paris 0 |
| TOP OF THE 2ND |
|
Winnipeg Goldeyes batting - Pitching for Paris Cubs : LHP Jose Urena
|
|
Batting: SHB Ian Thompson
|
0-0: Called Strike 0-1: Foul Ball, location: 2F 0-2: Foul Ball, location: 2F 0-2: Ball 1-2: Strikes out swinging
|
|
Batting: LHB Marvin Shepherd
|
0-0: Foul Ball, location: 2F 0-1: Ball 1-1: Ball 2-1: Ground out 6-3 (Groundball, 6, EV 105.0 MPH)
|
|
Batting: LHB Kuemon Shishido
|
0-0: Ball 1-0: Called Strike 1-1: Foul Ball, location: 2F 1-2: Foul Ball, location: 2F 1-2: Strikes out swinging
|
| Top of the 2nd over - 0 runs, 0 hits, 0 errors, 0 left on base; Winnipeg 0 - Paris 0 |
| BOTTOM OF THE 2ND |
|
Paris Cubs batting - Pitching for Winnipeg Goldeyes : RHP Tim Weller
|
|
Batting: RHB Sam Sours
|
0-0: Foul Ball, location: 2F 0-1: Ball 1-1: Ball 2-1: Ball 3-1: Ground out 5-3 (Groundball, 56, EV 86.9 MPH)
|
|
Batting: RHB Du Kim
|
0-0: Ball 1-0: Ball 2-0: Ball 3-0: Called Strike 3-1: Base on Balls
|
|
Batting: RHB Khalil Stephens
|
0-0: Ball Du Kim steals 2nd base 1-0: Ball 2-0: Fly out, F9 (Flyball, 89S, EV 73.8 MPH)
|
|
Batting: LHB Adam Conover
|
0-0: Called Strike 0-1: Fly out, F8 (Flyball, 8LM, EV 93.8 MPH)
|
| Bottom of the 2nd over - 0 runs, 0 hits, 0 errors, 1 left on base; Winnipeg 0 - Paris 0 |
| TOP OF THE 3RD |
|
Winnipeg Goldeyes batting - Pitching for Paris Cubs : LHP Jose Urena
|
|
Batting: RHB Antonio Santos
|
0-0: Called Strike 0-1: Ground out 6-3 (Groundball, 56D, EV 101.9 MPH)
|
|
Batting: RHB Ton van Dijk
|
0-0: Foul Ball, location: 2F 0-1: Swinging Strike 0-2: Foul Ball, location: 2F 0-2: DOUBLE (Flyball, 89D, EV 95.0 MPH)
|
|
Batting: LHB Brian Wagner
|
0-0: Ball 1-0: Ball 2-0: Ball 3-0: Called Strike 3-1: Fly out, F7 (Flyball, 7S, EV 91.9 MPH)
|
|
Batting: RHB John Dew
|
0-0: Called Strike 0-1: Ball 1-1: Swinging Strike 1-2: Strikes out swinging
|
| Top of the 3rd over - 0 runs, 1 hit, 0 errors, 1 left on base; Winnipeg 0 - Paris 0 |
| BOTTOM OF THE 3RD |
|
Paris Cubs batting - Pitching for Winnipeg Goldeyes : RHP Tim Weller
|
|
Batting: RHB Denis Rachin
|
0-0: Ball 1-0: Ball 2-0: Ball 3-0: Called Strike 3-1: Fly out, F7 (Flyball, 7, EV 95.6 MPH)
|
|
Pitching: RHP Tom Winsor
|
|
|
Batting: RHB Jose Sanchez
|
0-0: Ball 1-0: Ball 2-0: Ball 3-0: Base on Balls
|
|
Batting: RHB Andy Huntley
|
0-0: Swinging Strike 0-1: Called Strike 0-2: SINGLE (Flyball, 7LS, EV 94.4 MPH) Jose Sanchez to second
|
|
Batting: RHB Leonardo Nava
|
0-0: Ball 1-0: Ball 2-0: Ball 3-0: Called Strike 3-1: Swinging Strike 3-2: Base on Balls Jose Sanchez to third Andy Huntley to second
|
|
Batting: RHB Ricardo Aguinaga
|
0-0: Called Strike 0-1: Ball 1-1: Foul Ball, location: 2F 1-2: Strikes out looking
|
|
Batting: RHB Sam Sours
|
0-0: Called Strike 0-1: Swinging Strike 0-2: Ball 1-2: Ball Wild Pitch! Jose Sanchez scores Andy Huntley to third Leonardo Nava to second 2-2: Foul Ball, location: 2F 2-2: Ball 3-2: Base on Balls
|
|
Pitching: LHP Kevin Drew
|
|
|
Batting: RHB Du Kim
|
0-0: Called Strike 0-1: Fly out, F8 (Line Drive, 8LM, EV 92.5 MPH)
|
| Bottom of the 3rd over - 1 run, 1 hit, 0 errors, 3 left on base; Winnipeg 0 - Paris 1 |
| TOP OF THE 4TH |
|
Winnipeg Goldeyes batting - Pitching for Paris Cubs : LHP Jose Urena
|
|
Batting: RHB David McClellan
|
0-0: Ball 1-0: Ball 2-0: Ball 3-0: Called Strike 3-1: Called Strike 3-2: Strikes out swinging
|
|
Batting: RHB Steve Raine
|
0-0: Ball 1-0: Ball 2-0: Ground out 5-3 (Groundball, 56S, EV 83.8 MPH)
|
|
Batting: SHB Ian Thompson
|
0-0: Called Strike 0-1: Ball 1-1: Called Strike 1-2: Foul Ball, location: 2F 1-2: Strikes out swinging
|
| Top of the 4th over - 0 runs, 0 hits, 0 errors, 0 left on base; Winnipeg 0 - Paris 1 |
| BOTTOM OF THE 4TH |
|
Paris Cubs batting - Pitching for Winnipeg Goldeyes : LHP Kevin Drew
|
|
Batting: RHB Khalil Stephens
|
0-0: Ball 1-0: Ball 2-0: SINGLE (Line Drive, 7LS, EV 99.4 MPH)
|
|
Batting: LHB Adam Conover
|
0-0: Called Strike 0-1: Called Strike Khalil Stephens steals 2nd base 0-2: Ball 1-2: Foul Ball, location: 2F 1-2: SINGLE (Groundball, 6D, EV 95.6 MPH) Khalil Stephens to third Runner from 3rd tries for Home, SAFE, throw by CF to home
|
|
Batting: RHB Denis Rachin
|
0-0: Ball 1-0: Fly out, F6 (Flyball, 56D, EV 88.8 MPH)
|
|
Batting: RHB Jose Sanchez
|
0-0: Called Strike 0-1: 2-RUN HOME RUN (Flyball, 9LD, EV 95.0 MPH), Distance : 341 ft
|
|
Batting: RHB Andy Huntley
|
0-0: Called Strike 0-1: Ball 1-1: Foul Ball, location: 2F 1-2: Ball 2-2: Ball 3-2: SINGLE (Flyball, 8RS, EV 95.0 MPH)
|
|
Pitching: RHP Chad Brock
|
|
|
Batting: RHB Leonardo Nava
|
0-0: Called Strike 0-1: Ball 1-1: Foul Ball, location: 2F 1-2: Fly out, F4 (Popup, 4, EV 69.4 MPH)
|
|
Batting: RHB Ricardo Aguinaga
|
0-0: Called Strike 0-1: Ball 1-1: Ball Andy Huntley steals 2nd base 2-1: SINGLE (Line Drive, 6M, EV 110.0 MPH) Andy Huntley to third Runner from 3rd tries for Home, throw by CF and OUT! 8-2
|
| Bottom of the 4th over - 3 runs, 5 hits, 0 errors, 1 left on base; Winnipeg 0 - Paris 4 |
| TOP OF THE 5TH |
|
Winnipeg Goldeyes batting - Pitching for Paris Cubs : LHP Jose Urena
|
|
Batting: LHB Marvin Shepherd
|
0-0: Swinging Strike 0-1: Swinging Strike 0-2: Strikes out looking
|
|
Batting: LHB Kuemon Shishido
|
0-0: Swinging Strike 0-1: Foul Ball, location: 2F 0-2: Ball 1-2: Strikes out swinging
|
|
Batting: RHB Antonio Santos
|
0-0: Called Strike 0-1: Called Strike 0-2: Strikes out swinging
|
| Top of the 5th over - 0 runs, 0 hits, 0 errors, 0 left on base; Winnipeg 0 - Paris 4 |
| BOTTOM OF THE 5TH |
|
Paris Cubs batting - Pitching for Winnipeg Goldeyes : RHP Chad Brock
|
|
Batting: RHB Sam Sours
|
0-0: Ball 1-0: Fly out, F7 (Flyball, 78D, EV 88.1 MPH)
|
|
Batting: RHB Du Kim
|
0-0: Foul Ball, location: 2F 0-1: Ball 1-1: Called Strike 1-2: Fly out, F8 (Flyball, 78D, EV 100.0 MPH)
|
|
Batting: RHB Khalil Stephens
|
0-0: Ball 1-0: Called Strike 1-1: Foul Ball, location: 2F 1-2: Ball 2-2: Foul Ball, location: 2F 2-2: Foul Ball, location: 2F 2-2: Foul Ball, location: 2F 2-2: Ball 3-2: Base on Balls
|
|
Pitching: RHP Larry Muttart
|
|
|
Batting: LHB Adam Conover
|
0-0: Ball 1-0: Swinging Strike 1-1: Called Strike 1-2: Ball 2-2: Ball 3-2: Fly out, F7 (Flyball, 78S, EV 94.4 MPH)
|
| Bottom of the 5th over - 0 runs, 0 hits, 0 errors, 1 left on base; Winnipeg 0 - Paris 4 |
| TOP OF THE 6TH |
|
Winnipeg Goldeyes batting - Pitching for Paris Cubs : LHP Jose Urena
|
|
Pitching: LHP Alex Gandarilla
|
|
|
Batting: RHB Ton van Dijk
|
0-0: Foul Ball, location: 2F 0-1: Called Strike 0-2: Strikes out looking
|
|
Batting: LHB Brian Wagner
|
0-0: Ball 1-0: Fly out, F8 (Flyball, 8RD, EV 96.2 MPH)
|
|
Batting: RHB John Dew
|
0-0: Called Strike 0-1: Ball 1-1: Ball 2-1: Swinging Strike 2-2: Foul Ball, location: 2F 2-2: Foul Ball, location: 2F 2-2: Foul Ball, location: 2F 2-2: Strikes out swinging
|
| Top of the 6th over - 0 runs, 0 hits, 0 errors, 0 left on base; Winnipeg 0 - Paris 4 |
| BOTTOM OF THE 6TH |
|
Paris Cubs batting - Pitching for Winnipeg Goldeyes : RHP Larry Muttart
|
|
Batting: RHB Denis Rachin
|
0-0: SINGLE (Line Drive, 7S, EV 97.5 MPH)
|
|
Batting: RHB Jose Sanchez
|
0-0: Ball 1-0: Foul Ball, location: 2F 1-1: SINGLE (Groundball, 56D, EV 98.1 MPH) Denis Rachin to second
|
|
Batting: RHB Andy Huntley
|
0-0: Ball 1-0: Swinging Strike 1-1: Foul Ball, location: 2F 1-2: Ball 2-2: Strikes out swinging
|
|
Batting: RHB Leonardo Nava
|
0-0: Ball 1-0: Called Strike 1-1: DOUBLE (Line Drive, 78M, EV 98.1 MPH) Denis Rachin scores Jose Sanchez to third Runner from 3rd tries for Home, SAFE, throw by CF to home
|
|
Pitching: RHP Scot Abbott
|
|
|
Batting: RHB Ricardo Aguinaga
|
0-0: Ball 1-0: Ball 2-0: Ball 3-0: Base on Balls
|
|
Batting: RHB Sam Sours
|
0-0: Hit by Pitch Leonardo Nava to third Ricardo Aguinaga to second
|
|
Batting: RHB Du Kim
|
0-0: Called Strike 0-1: DOUBLE (Line Drive, 8LD, EV 99.4 MPH) Leonardo Nava scores Ricardo Aguinaga scores Sam Sours to third
|
|
Batting: RHB Khalil Stephens
|
0-0: Called Strike 0-1: Called Strike 0-2: Ball 1-2: Fly out, F8 (Line Drive, 8LM, EV 88.1 MPH) Runner from 3rd tags up, SCORES, no throw by CF
|
|
Batting: LHB Adam Conover
|
0-0: Ball 1-0: Swinging Strike 1-1: Foul Ball, location: 2F 1-2: Ball 2-2: Ground out 4-3 (Groundball, 4, EV 101.9 MPH)
|
| Bottom of the 6th over - 5 runs, 4 hits, 0 errors, 1 left on base; Winnipeg 0 - Paris 9 |
| TOP OF THE 7TH |
|
Winnipeg Goldeyes batting - Pitching for Paris Cubs : LHP Alex Gandarilla
|
|
Pinch Hitting: RHB Tim Carter
|
0-0: Called Strike 0-1: Ball 1-1: Called Strike 1-2: Strikes out swinging
|
|
Batting: RHB Steve Raine
|
0-0: Ball 1-0: Ball 2-0: Fly out, F8 (Flyball, 8LM, EV 85.0 MPH)
|
|
Pinch Hitting: RHB Caleb Bockmann
|
0-0: Swinging Strike 0-1: Ball 1-1: Foul Ball, location: 2F 1-2: SINGLE (Line Drive, 8LS, EV 105.6 MPH)
|
|
Batting: LHB Marvin Shepherd
|
0-0: Ball 1-0: Ball 2-0: Called Strike 2-1: Ball 3-1: SINGLE (Groundball, 23, EV 65.0 MPH) (infield hit) Caleb Bockmann to second
|
|
Batting: LHB Kuemon Shishido
|
0-0: Fly out, F7 (Flyball, 78D, EV 100.6 MPH)
|
| Top of the 7th over - 0 runs, 2 hits, 0 errors, 2 left on base; Winnipeg 0 - Paris 9 |
| BOTTOM OF THE 7TH |
|
Paris Cubs batting - Pitching for Winnipeg Goldeyes : RHP Scot Abbott
|
|
Now at SS: Tim Carter
|
|
|
Now in RF: Caleb Bockmann
|
|
|
Batting: RHB Denis Rachin
|
0-0: Ball 1-0: Ball 2-0: Ball 3-0: Foul Ball, location: 2F 3-1: Foul Ball, location: 2F 3-2: Base on Balls
|
|
Pitching: LHP David Gordon
|
|
|
Batting: RHB Jose Sanchez
|
0-0: Called Strike 0-1: Called Strike 0-2: Fly out, F4 (Popup, 34D, EV 43.8 MPH)
|
|
Pinch Hitting: LHB Emir Jalil
|
0-0: Ball 1-0: Called Strike 1-1: Foul Ball, location: 2F 1-2: SINGLE (Line Drive, 89M, EV 93.1 MPH) Denis Rachin to second
|
|
Batting: RHB Leonardo Nava
|
0-0: Foul Ball, location: 2F 0-1: 3-RUN HOME RUN (Flyball, 78XD, EV 116.2 MPH), Distance : 437 ft
|
|
Batting: RHB Ricardo Aguinaga
|
0-0: Called Strike 0-1: Foul Ball, location: 2F 0-2: DOUBLE (Flyball, 8LXD, EV 92.5 MPH)
|
|
Pinch Hitting: RHB David Barnard
|
0-0: Swinging Strike 0-1: SINGLE (Groundball, 56D, EV 103.8 MPH) Ricardo Aguinaga to third
|
|
Batting: RHB Du Kim
|
0-0: Ball 1-0: Ball 2-0: Foul Ball, location: 2F 2-1: SINGLE (Flyball, 9S, EV 86.9 MPH) Ricardo Aguinaga scores David Barnard to second
|
|
Pitching: RHP Aaron Elliott
|
|
|
Batting: RHB Khalil Stephens
|
0-0: Ball Wild Pitch! David Barnard to third Du Kim to second 1-0: Ball 2-0: Called Strike 2-1: Ball 3-1: 3-RUN HOME RUN (Flyball, 7D, EV 97.5 MPH), Distance : 390 ft
|
|
Batting: LHB Adam Conover
|
0-0: Ball 1-0: Ball 2-0: Foul Ball, location: 2F 2-1: Foul Ball, location: 2F 2-2: Ball 3-2: Fly out, F8 (Flyball, 78M, EV 95.6 MPH)
|
|
Batting: RHB Denis Rachin
|
0-0: Ball 1-0: Called Strike 1-1: Fly out, F7 (Flyball, 78D, EV 73.1 MPH)
|
| Bottom of the 7th over - 7 runs, 6 hits, 0 errors, 0 left on base; Winnipeg 0 - Paris 16 |
| TOP OF THE 8TH |
|
Winnipeg Goldeyes batting - Pitching for Paris Cubs : LHP Alex Gandarilla
|
|
Now in LF: Puluke Konane
|
|
|
Now in RF: David Barnard
|
|
|
Batting: RHB Antonio Santos
|
0-0: Foul Ball, location: 2F 0-1: Ball 1-1: Ball 2-1: Foul Ball, location: 2F 2-2: Ground out 6-3 (Groundball, 6, EV 95.6 MPH)
|
|
Batting: RHB Ton van Dijk
|
0-0: Called Strike 0-1: Ball 1-1: Ground out 5-3 (Groundball, 56, EV 86.2 MPH)
|
|
Pitching: RHP Bogdan Sdobnyakov
|
|
|
Batting: LHB Brian Wagner
|
0-0: Ball 1-0: Ball 2-0: Foul Ball, location: 2F 2-1: Called Strike 2-2: Strikes out swinging
|
| Top of the 8th over - 0 runs, 0 hits, 0 errors, 0 left on base; Winnipeg 0 - Paris 16 |
| BOTTOM OF THE 8TH |
|
Paris Cubs batting - Pitching for Winnipeg Goldeyes : RHP Aaron Elliott
|
|
Batting: RHB Jose Sanchez
|
0-0: Foul Ball, location: 2F 0-1: Swinging Strike 0-2: SINGLE (Groundball, 56, EV 96.9 MPH)
|
|
Batting: RHB Puluke Konane
|
0-0: Ball 1-0: 2-RUN HOME RUN (Flyball, 89XD, EV 108.1 MPH), Distance : 431 ft
|
|
Batting: RHB Leonardo Nava
|
0-0: Ball 1-0: Swinging Strike 1-1: Ball 2-1: Ball 3-1: Swinging Strike 3-2: Base on Balls
|
|
Batting: RHB Ricardo Aguinaga
|
0-0: Ball 1-0: Foul Ball, location: 2F 1-1: Grounds into double play, 4-6-3 (Groundball, 4S, EV 90.0 MPH)
|
|
Batting: RHB David Barnard
|
0-0: Ball 1-0: Ball 2-0: Ball 3-0: Base on Balls
|
|
Batting: RHB Du Kim
|
0-0: Foul Ball, location: 2F 0-1: Fly out, F6 (Popup, 15, EV 73.8 MPH)
|
| Bottom of the 8th over - 2 runs, 2 hits, 0 errors, 1 left on base; Winnipeg 0 - Paris 18 |
| TOP OF THE 9TH |
|
Winnipeg Goldeyes batting - Pitching for Paris Cubs : RHP Bogdan Sdobnyakov
|
|
Batting: RHB John Dew
|
0-0: Ball 1-0: Swinging Strike 1-1: Ball 2-1: Fly out, F9 (Line Drive, 89M, EV 95.6 MPH)
|
|
Batting: RHB Tim Carter
|
0-0: Swinging Strike 0-1: Called Strike 0-2: Foul Ball, location: 2F 0-2: Ball 1-2: Ground out 5-3 (Groundball, 56, EV 94.4 MPH)
|
|
Batting: RHB Steve Raine
|
0-0: Called Strike 0-1: Called Strike 0-2: Ball 1-2: Ball 2-2: Foul Ball, location: 2F 2-2: Strikes out swinging
|
| Top of the 9th over - 0 runs, 0 hits, 0 errors, 0 left on base; Winnipeg 0 - Paris 18 |
|